 Dungeon Crawl Stone Soup version 0.19.4-8-ga85b6b9 (webtiles) character file.

62 Jerry the Shield-Bearer (level 4, -3/37 HPs)
             Began as a Formicid Fighter on Feb 13, 2017.
             Killed by divine providence
             ... invoked by an orc priest
              (10 damage)
             ... on level 3 of the Dungeon.
             The game lasted 00:04:04 (1706 turns).

Jerry the Shield-Bearer (Formicid Fighter)          Turns: 1706, Time: 00:04:04

Health: -3/37      AC:  7    Str: 21    XL:     4   Next: 28%
Magic:  4/4        EV:  8    Int:  8    God:
Gold:   109        SH:  9    Dex: 10    Spells: 0 memorised, 3 levels left

rFire  + . .     SeeInvis +     a - +0 long sword
rCold  . . .     Gourm    .     b - +0 scale mail
rNeg   . . .     Faith    .     c - +0 shield
rPois  +         Spirit   .     (helmet unavailable)
rElec  .         Reflect  .     (no cloak)
rCorr  .         Harm     .     (no gloves)
MR     .....                    (no boots)
Stlth  ..........               (no amulet)
                                k - ring of protection from fire
                                h - ring of poison resistance

@: no status effects
A: permanent stasis, dig shafts and tunnels, four strong arms, antennae 3
a: Dig, Shaft Self


You were on level 3 of the Dungeon.
You were not hungry.

You visited 1 branch of the dungeon, and saw 3 of its levels.

You collected 109 gold pieces.

Inventory:

Hand Weapons
 a - a +0 long sword (weapon)
Armour
 b - a +0 scale mail (worn)
 c - a +0 shield (worn)
Jewellery
 h - a ring of poison resistance (left hand)
 k - a ring of protection from fire (right hand)
Scrolls
 e - a scroll of magic mapping {unknown}
 m - a scroll of enchant armour {unknown}
 n - 2 scrolls of remove curse
 p - a scroll of amnesia {unknown}
 q - 2 scrolls of teleportation {unknown}
 r - a scroll of recharging {unknown}
 s - a scroll of random uselessness {unknown}
Potions
 d - 2 potions of might
 i - 4 potions of curing {unknown}
 l - 2 potions of ambrosia {unknown}
 o - 2 potions of flight {unknown}
Comestibles
 f - 3 bread rations
 g - 2 fruits
 j - a beef jerky
 t - a chunk of flesh


   Skills:
 + Level 3.7 Fighting
 * Level 3.2 Long Blades
 + Level 3.8 Armour
 + Level 3.9 Shields


You had 3 spell levels left.
You didn't know any spells.

Dungeon Overview and Level Annotations

Branches:
Dungeon (3/15)

Altars:


Innate Abilities, Weirdness & Mutations

You are under a permanent stasis effect.
You can dig through walls and to a lower floor.
Your four strong arms can wield two-handed weapons with a shield.
You have a pair of large antennae on your head. (SInv)


Message History

The orc wizard mumbles some strange words.
The orc wizard blinks!
Your shield and scale mail prevent you from hitting the orc wizard.
You block the orc priest's attack.
The orc priest invokes the aid of Beogh against you.
Beogh smites you!
* * * LOW HITPOINT WARNING * * *
The orc wizard hits you but does no damage.
The orc wizard hits you with a dagger.
* * * LOW HITPOINT WARNING * * *
Items here: ( ) [ †† a stone; a trident of flaming; a runed scale mail; a kobold corpse an orc corpse The orc priest calls down the wrath of Beogh upon you.
Pain shoots through your body!
* * * LOW HITPOINT WARNING * * *
The orc priest miscasts a cantrip.
The orc priest invokes the aid of Beogh against you.
Beogh smites you!
You die...

### ..# ########## ..#
##.@...o..# ..#
###..######.# ..#
###...## #{## ..#
#...### #.{## ..####
#.### #######{{#
#....#####.####......
##{######
.)........(..).......
#.{o....#
.####..###...........
#....(..# .. #.##
######...............#


You could see an orc priest.

Vanquished Creatures
  2 adders (D:2)
  A dart slug (D:1)
  An orc (D:3)
  2 giant cockroaches (D:2)
  6 hobgoblins
  4 quokkas
  A bat (D:1)
  A frilled lizard (D:1)
  7 goblins
  9 kobolds
  4 rats
38 creatures vanquished.

Notes
Turn   | Place    | Note
-------+----------+-------------------------------------------
     0 | D:1      | Jerry the Formicid Fighter began the quest for the Orb.
     0 | D:1      | Reached XP level 1. HP: 18/18 MP: 1/1
   525 | D:1      | Reached XP level 2. HP: 24/24 MP: 2/2
   831 | D:2      | Reached XP level 3. HP: 17/29 MP: 3/3
  1150 | D:2      | Found a faded altar of an unknown god.
  1373 | D:2      | Reached XP level 4. HP: 32/37 MP: 4/4
  1706 | D:3      | Killed from afar by an orc priest

Skill      XL: |  1  2  3 |
---------------+----------+-----
Long Blades    | 3 |  3.2
Fighting       | |  3.7
Armour         | |  3.8
Shields        | |  3.9

Action                   |  1- 3 |  4- 6 || total
-------------------------+-------+-------++-------
Melee: Long sword        |   102 |    31 ||   133
 Abil: Dig               |       |     1 ||     1
  Use: Scroll            |       |     1 ||     1
  Eat: Chunk             |     2 |     1 ||     3
Armor: Scale mail        |    39 |    19 ||    58
Dodge: Dodged            |    32 |    16 ||    48
Block: Shield            |    49 |    21 ||    70
       Rpst.: Long sword |     9 |     8 ||    17
